 Dungeon Crawl Stone Soup version 0.29-a0-468-ge57f7f99b4 (webtiles) character file.

Game seed: 6238485893669681242

10646 xian the Thaumaturge (level 11, -2/86 (88) HPs)
             Began as a Green Draconian Conjurer on May 21, 2022.
             Killed from afar by an orc sorcerer (10 damage)
             ... with a bolt of negative energy
             ... on level 2 of the Orcish Mines.
             The game lasted 00:56:02 (14929 turns).

xian the Thaumaturge (Green Draconian Conjurer)    Turns: 14929, Time: 00:56:02

HP:   -2/86 (88)    AC:  8    Str:  9    XL:     11   Next: 38%
MP:   16/25         EV: 13    Int: 29    God:
Gold: 616           SH:  5    Dex: 10    Spells: 21/31 levels left

rFire   . . .      SeeInvis .   d - +3 woodcutter's axe {vorpal}
rCold   . . .      Faith    .   (shield currently unavailable)
rNeg    . . .      Spirit   .   (body armour unavailable)
rPois   +          Reflect  +   (helmet restricted)
rElec   .          Harm     .   o - scarf {repulsion}
rCorr   .          Rampage  .   t - +0 pair of gloves
Will    .....                   (no boots)
Stlth   ++........              p - amulet of reflection
HPRegen 0.24/turn               m - ring of poison resistance
MPRegen 0.19/turn               u - +6 ring of intelligence

@: lightly drained, repel missiles
A: breathe noxious fumes, AC +7, unfitting armour, poison resistance,
cold-blooded
a: Breathe Noxious Fumes


You were on level 2 of the Orcish Mines.
You visited 2 branches of the dungeon, and saw 11 of its levels.

You collected 754 gold pieces.
You spent 138 gold pieces at shops.

Inventory:

Hand Weapons
 d - the +3 woodcutter's axe (weapon) {vorpal}
   (You took it off a gnoll on level 5 of the Dungeon)

   It inflicts extra damage upon your enemies.
 z - a +6 mace of freezing
Armour
 o - a scarf of repulsion (worn)
 t - a +0 pair of gloves (worn)
 F - +0 steam dragon scales
Jewellery
 m - a ring of poison resistance (left hand)
 p - an amulet of reflection (around neck)
 u - a +6 ring of intelligence (right hand)
 v - a ring of positive energy
 y - a ring of magical power
Wands
 r - a wand of flame (25)
 C - a wand of acid (9)
 G - a wand of polymorph (4)
 H - a wand of paralysis (5)
Scrolls
 c - 5 scrolls of identify
 g - a scroll of amnesia
 h - 2 scrolls of poison
 k - 2 scrolls of fog
 n - a scroll of blinking
 q - a scroll of brand weapon
 s - a scroll of teleportation
 w - 2 scrolls of summoning
 x - 2 scrolls of enchant armour
 B - 2 scrolls of magic mapping {unknown}
 D - a scroll of immolation {unknown}
Potions
 a - 3 potions of degeneration
 b - 3 potions of haste
 e - 2 potions of heal wounds
 f - 3 potions of ambrosia
 i - a potion of invisibility
 j - 7 potions of lignification
 l - 3 potions of curing
 A - 2 potions of berserk rage {unknown}
 E - a potion of might {unknown}


   Skills:
 + Level 5.5 Fighting
 + Level 2.5 Short Blades
 + Level 0.6 Axes
 + Level 6.1 Dodging
 + Level 4.6 Stealth
 + Level 4.0 Shields
 + Level 10.5 Spellcasting
 + Level 10.3 Conjurations
 + Level 0.4 Translocations


You had 21 spell levels left.
You knew the following spells:

 Your Spells              Type           Power      Damage    Failure   Level
a - Magic Dart            Conj           100%       1d8       1%          1
b - Searing Ray           Conj           100%       2d8       1%          2
c - Iskenderun's Mystic   Conj/Tloc      46%        2d10      3%          4
d - Tukima's Dance        Hex            15%        N/A       11%         3

Your spell library contained the following spells:

 Spells                   Type           Power      Damage    Failure   Level
 Foxfire                  Conj/Fire      100%       2x1d9     1%          1
 Static Discharge         Conj/Air       45%        N/A       1%          2
 Conjure Flame            Conj/Fire      45%        6-21      1%          3
 Dazzling Flash           Conj/Hex       90%        N/A       1%          3
 Flame Wave               Conj/Fire      45%        2d10      4%          4
 Fulminant Prism          Conj/Hex       22%        3d13      4%          4
 Sticky Flame             Conj/Fire      45%        2d6       4%          4
 Portal Projectile        Hex/Tloc       32%        N/A       10%         3
 Inner Flame              Hex/Fire       15%        N/A       11%         3
 Dispel Undead            Necr           15%        3d10      34%         4
 Blade Hands              Tmut           7%         N/A       69%         5


Dungeon Overview and Level Annotations

Branches:
Dungeon (9/15)             Temple (0/1) D:7             Orc (2/2) D:9
   Lair: D:8-11         Elf: Orc:2

Altars:
Dithmenos
Nemelex Xobeh
Okawaru
Zin

Shops:
D:6 ?   Orc:2 (

Annotations:
D:9 Erica
Orc:1 xian's ghost, journeyman DrCj


Innate Abilities, Weirdness & Mutations

You can breathe blasts of noxious fumes.
Your lurid green scales are hard. (AC +7)
You cannot fit into any form of body armour.
Your system is resistant to poisons. (rPois)
You are cold-blooded and may be slowed by cold attacks.


Message History

Xian's ghost is nearby!
Things that are here:
a +0 glaive; a +0 plate armour You have got your breath back.
You see here a +0 mace.
Items here: ))) [.
Things that are here:
a +0 dagger; a +0 robe Xian's ghost casts a spell at you.
The magic dart hits you!
* * * LOW HITPOINT WARNING * * *
Xian's ghost points at you and mumbles some strange words.
The magic dart hits you!
* * * LOW HITPOINT WARNING * * *
There is a stone staircase leading down, spattered with blood here.
You can't go up here!
Xian's ghost points at you and mumbles some strange words.
The magic dart hits you!
* * * LOW HITPOINT WARNING * * *
You climb downwards.
The orc shouts!
The orc warrior shouts!
You hear a shout! x2
Found 40 gold pieces.
Found Apantet's Antique Weapon Shoppe.
There is a stone staircase leading up here.
An orc warrior and an orc come into view.
The orc shouts!
You hear a shout!
An orc knight comes into view. It is wielding a +3 vorpal great mace.
Okay, then.
The orc warrior shouts!
The orc sorcerer shouts!
The orc warrior shouts! x2
You hear a shout! x4
The orc warrior hits something with a +1 vorpal mace!
The orc warrior shouts! x2
An orc and a cyclops come into view.
The orc is wielding a +1 flail of venom.
The orc shouts!
You hear a shout! x5
An orc comes into view. It is wielding a +0 dagger.
The orc warrior throws a boomerang.
The boomerang misses you.
An orc wizard comes into view. It is wielding a +0 dagger of speed.
The orc sorcerer casts a spell at you. The bolt of negative energy hits you!
You feel drained.
You die...

...#.. .......
..#.#.##........
.......#...P....
........$P.....oP
...........o.....
....$........o∩..
...........o.8o..
.......@...o.....
..............oP.
.#........PP.....
Co.......<.......
.....o...........
.................
...o.............
.o.oo............
..oo.....$.......


You could see a cyclops (wandering), an orc sorcerer, 7 orc warriors, an orc
wizard and 3 orcs.

Vanquished Creatures
  2 ogre magi (Orc:1)
  A two-headed ogre (Orc:1)
  3 hornets (Orc:1)
  2 shadows (D:9)
  15 yaks
  A wyvern (D:8)
  A steam dragon (D:9)
  A warg (Orc:1)
  A two-headed ogre zombie (D:9)
  3 water moccasins
  2 floating eyes (Orc:1)
  7 orc warriors
  6 black bears
  8 ogres
  2 centaurs
  2 phantoms (D:9)
  Blork the orc (D:6)
  A kobold brigand (D:8)
  2 bullfrogs (D:7)
  A gnoll sergeant (D:5)
  7 wights (D:7)
  3 killer bees (D:7)
  3 electric eels
  7 howler monkeys
  3 gnoll shamans (D:5)
  6 hounds
  A jelly (D:7)
  6 orc priests
  6 iguanas
  Terence (D:3)
  9 orc wizards
  6 ogre zombies (D:9)
  22 gnolls
  10 adders
  A shadow imp (D:7)
  4 white imps
  2 ufetubi
  A dart slug (D:3)
  28 orcs
  10 bats
  5 endoplasms
  4 giant cockroaches
  6 goblins
  5 hobgoblins
  10 jackals
  5 quokkas
  9 ball pythons
  3 frilled lizards (D:1)
  3 goblin zombies (D:9)
  2 hobgoblin skeletons (D:9)
  3 hobgoblin zombies (D:9)
  8 kobolds
  3 orc skeletons (D:9)
  14 orc zombies (D:9)
  7 rats
285 creatures vanquished.

Vanquished Creatures (others)
  3 plants (D:4)
3 creatures vanquished.

Grand Total: 288 creatures vanquished

Notes
Turn   | Place    | Note
-------+----------+-------------------------------------------
     0 | D:1      | xian the Draconian Conjurer began the quest for the Orb.
     0 | D:1      | Reached XP level 1. HP: 14/14 MP: 3/3
   273 | D:1      | Reached XP level 2. HP: 20/20 MP: 1/5
   942 | D:2      | Reached XP level 3. HP: 22/26 MP: 1/6
  1206 | D:2      | Found a faded altar of an unknown god.
  1612 | D:2      | Reached skill level 5 in Conjurations
  1617 | D:2      | Reached XP level 4. HP: 9/33 MP: 1/7
  1866 | D:2      | Found a glowing silver altar of Zin.
  2308 | D:2      | Reached skill level 1 in Short Blades
  2450 | D:2      | Learned a level 2 spell: Searing Ray
  2455 | D:2      | Learned a level 4 spell: Iskenderun's Mystic Blast
  2855 | D:3      | Noticed Terence
  2867 | D:3      | Killed Terence
  2868 | D:3      | Reached XP level 5. HP: 26/38 MP: 6/9
  3920 | D:4      | Noticed an ogre
  4026 | D:4      | Noticed an ogre
  4030 | D:4      | Killed an ogre
  4031 | D:4      | Reached XP level 6. HP: 46/46 MP: 4/11
  4362 | D:4      | Reached skill level 1 in Fighting
  4362 | D:4      | Your scales start taking on a lurid green colour.
  4362 | D:4      | Reached XP level 7. HP: 50/52 MP: 7/13
  4362 | D:4      | Gained mutation: Your system is resistant to poisons.
                  | (rPois) [Green Draconian growth]
  4552 | D:4      | Found a transporter.
  4631 | D:4      | Found a transporter.
  5546 | D:5      | Entered Level 5 of the Dungeon
  5581 | D:5      | Reached skill level 5 in Spellcasting
  5989 | D:5      | Reached XP level 8. HP: 59/59 MP: 9/15
  7527 | D:6      | Noticed Blork the orc
  7533 | D:6      | Killed Blork the orc
  7599 | D:6      | Reached XP level 9. HP: 67/67 MP: 12/19
  7642 | D:6      | Found Unecvu's Magic Scroll Shoppe.
  7650 | D:6      | Bought a scroll of identify for 24 gold pieces
  7661 | D:6      | Bought a scroll of identify for 24 gold pieces
  7661 | D:6      | Bought a scroll of enchant armour for 90 gold pieces
  7745 | D:6      | Reached skill level 1 in Shields
  7923 | D:6      | Found an iron altar of Okawaru.
  8237 | D:7      | Found a sparkling altar of Nemelex Xobeh.
  8793 | D:7      | Reached skill level 5 in Dodging
  9580 | D:7      | Found a staircase to the Ecumenical Temple.
  9667 | D:7      | Learned a level 3 spell: Tukima's Dance
  9920 | D:8      | Reached XP level 10. HP: 74/74 MP: 12/22
 10744 | D:8      | Found a shadowy altar of Dithmenos.
 11143 | D:9      | Found a staircase to the Orcish Mines.
 11797 | D:9      | Reached skill level 5 in Fighting
 11908 | D:9      | Noticed Erica
 12620 | Orc:1    | Entered Level 1 of the Orcish Mines
 12737 | D:9      | Reached skill level 10 in Spellcasting
 12960 | Orc:1    | Noticed a two-headed ogre
 12971 | Orc:1    | Killed a two-headed ogre
 12972 | Orc:1    | Reached XP level 11. HP: 16/86 MP: 15/25
 13429 | Orc:1    | Noticed an ogre mage
 13456 | Orc:1    | Killed an ogre mage
 13457 | Orc:1    | Reached skill level 10 in Conjurations
 13756 | Orc:1    | Found a runed translucent gate.
 13758 | Orc:1    | Found a runed translucent gate.
 13759 | Orc:1    | Found a runed translucent gate.
 14117 | Orc:1    | Noticed an ogre mage
 14128 | Orc:1    | Killed an ogre mage
 14470 | Orc:1    | Noticed xian's ghost (journeyman DrCj)
 14925 | Orc:2    | Entered Level 2 of the Orcish Mines
 14925 | Orc:2    | Noticed an orc sorcerer
 14925 | Orc:2    | Found Apantet's Antique Weapon Shoppe.
 14926 | Orc:2    | Noticed an orc knight
 14929 | Orc:2    | Killed from afar by an orc sorcerer

Illustrated notes

Levels and vault maps discovered:
D:1:      minmay_arrival_hallway, layout_basic
D:2:      layout_basic, basic_altar, shapermc_ecumenical_altar_totnotflames,
          minmay_door_square
D:3:      layout_rooms, serial_co_window_serial, co_window_paths_a,
          co_window_paths_a, co_window_paths_a, co_window_corner_a,
          co_window_paths_a, co_window_paths_c, co_window_broadway_c,
          co_window_2corner, co_window_broadway_b, co_window_2corner,
          co_window_2corner, co_window_broadway_c, glass_columns_b,
          glass_columns_b, glass_columns_b, glass_columns_a, uniq_terence
D:4:      gammafunk_steamed_eel, layout_basic, minmay_surrounded,
          uniq_crazy_yiuf_cottage
D:5:      layout_loops_cross, grunt_ministairs_15, pf_guarded_unrand_woodcutter
D:6:      layout_basic, okawaru_trees_2, serial_shops, nicolae_square_shop,
          fountainhead, uniq_blork_the_orc
D:7:      layout_basic, amcnicky_altar_gilded, minmay_temple_entry_from_below_a
D:8:      layout_basic, kennysheep_mini_moat
D:9:      layout_irregular_city, zombieorc2_lemuel, uniq_erica
Orc:1:    hellmonk_paralyzer, layout_caves, ebering_ghost_rock_garden
Orc:2:    grunt_orc_gardens, layout_caves, grunt_orc_garden, grunt_orc_garden,
          grunt_orc_garden, grunt_orc_garden, uniq_donald, uniq_maurice

Skill      XL: |  1  2  3  4  5  6  7  8  9 10 11 |
---------------+----------------------------------+-----
Dodging        | 2 3 4 5 6 |  6.1
Stealth        | 2 3 4 |  4.6
Conjurations   | 5 6 7 8 9 10 | 10.3
Short Blades   | 1 2 |  2.5
Spellcasting   | 3 4 5 6 8 10 | 10.5
Fighting       | 1 2 5 |  5.5
Shields        | 3 4 |  4.0
Axes           | |  0.6
Translocations | |  0.4

Action                   |  1- 3 |  4- 6 |  7- 9 | 10-12 || total
-------------------------+-------+-------+-------+-------++-------
Melee: Dagger            |    42 |    11 |     8 |       ||    61
       Tailslap          |     6 |     1 |     2 |     2 ||    11
       Punch             |       |       |     1 |       ||     1
       Spear             |       |       |     4 |       ||     4
       Battleaxe         |       |       |     8 |    18 ||    26
 Cast: Magic Dart        |    69 |    87 |   134 |   155 ||   445
       Searing Ray       |       |    10 |    52 |    65 ||   127
       Iskenderun's Myst |       |       |     2 |     3 ||     5
 Abil: Breathe Noxious F |       |       |    34 |    27 ||    61
  Use: Potion            |       |     1 |       |     2 ||     3
       Scroll            |       |       |    14 |     6 ||    20
 Stab: Confused          |       |       |     1 |     2 ||     3
Armor: Skin              |    21 |    19 |    24 |    40 ||   104
Dodge: Dodged            |    57 |    43 |    70 |    78 ||   248
       Repelled          |       |       |     2 |     2 ||     4
Block: Other             |       |     3 |    21 |    37 ||    61
       Reflection        |       |       |       |     1 ||     1

Table legend: (Time is in decaauts)
 A = Elapsed time spent in this place.
 B = Non-inter-level travel time spent in this place.
 C = Inter-level travel time spent in this place.
 D = Time resting spent in this place.
 E = Time spent auto-exploring this place.
 F = Levels seen in this place.
 G = Mean time per level.
                   A        B        C        D        E       F      G
               +--------+--------+--------+--------+--------+-----+--------+
         Total |  14966 |  14698 |    268 |   3291 |   8907 |  11 | 1360.5 |
       Dungeon |  12921 |  12653 |    268 |   2368 |   8178 |   9 | 1435.7 |
  Orcish Mines |   2045 |   2045 |      0 |    923 |    729 |   2 | 1022.5 |
               +--------+--------+--------+--------+--------+-----+--------+

Top non-repeatable levels by time:
   Orc:1: 2041 daAuts
     D:9: 1981 daAuts
     D:4: 1785 daAuts
     D:2: 1573 daAuts
     D:5: 1570 daAuts
     D:3: 1467 daAuts
     D:7: 1464 daAuts
     D:8: 1232 daAuts
     D:1: 936 daAuts
     D:6: 909 daAuts
   Orc:2: 3 daAuts
